 Dungeon Crawl Stone Soup version 0.31-a0-662-g684573625c (webtiles) character file.

Game seed: 15651283680317056772

958 Turgor the Changeling (level 7, -13/57 HPs)
             Began as a Demigod Shapeshifter on Sept 1, 2023.
             Mangled by Menkaure (23 damage)
             ... on level 5 of the Dungeon.
             The game lasted 00:09:55 (3729 turns).

Turgor the Changeling (Demigod Shapeshifter)        Turns: 3729, Time: 00:09:55

Health: -13/57     AC:  2    Str: 19    XL:     7   Next: 60%
Magic:  9/9        EV: 13    Int: 16    God:
Gold:   187        SH:  0    Dex: 13    Spells: 3/6 levels left

rFire   . . .        b - +7 Throatcutter {drain, coup de grace}
rCold   . . .        (no shield)
rNeg    . . .        a - +0 animal skin
rPois   .            (helmet currently unavailable)
rElec   .            (cloak currently unavailable)
rCorr   .            (gloves currently unavailable)
SInv    .            (boots currently unavailable)
Will    .....        (no amulet)
Stlth   +            (no ring)
HPRegen 0.29/turn    (no ring)
MPRegen 0.11/turn

%: no passive effects
@: beast-form
A: beast (slay +3), high MP 1, forlorn, divine attributes
a: Begin Untransformation


You were on level 5 of the Dungeon.
You were a hulking beast.
You visited 1 branch of the dungeon, and saw 5 of its levels.

You collected 209 gold pieces.
You spent 22 gold pieces at shops.

Inventory:

Hand Weapons
 b - the +7 Throatcutter (weapon) {drain, coup de grace}
   (You found it on level 4 of the Dungeon)
Missiles
 g - 8 javelins
Armour
 a - a +0 animal skin (worn)
 j - a +0 helmet
Jewellery
 r - a ring of magical power
Talismans
 c - a beast talisman (active)
 d - a flux talisman
Wands
 l - a wand of iceblast (6)
Scrolls
 e - a scroll of immolation {unknown}
 f - 2 scrolls of poison {unknown}
 k - a scroll of vulnerability {unknown}
 p - a scroll of brand weapon {unknown}
 q - a scroll of amnesia {unknown}
 t - a scroll of blinking {unknown}
 v - a scroll of fear {unknown}
Potions
 h - a potion of lignification
 i - a potion of haste
 m - 3 potions of attraction
 n - 2 potions of enlightenment
 s - a potion of mutation
 u - a potion of resistance


   Skills:
 + Level 3.6 Fighting
 + Level 4.0 Dodging
 + Level 4.5 Unarmed Combat
 * Level 5.5 Shapeshifting


You had 3 spell levels left.
You knew the following spells:

 Your Spells              Type           Power      Damage    Failure   Level
a - Mephitic Cloud        Conj/Pois/Air  0%         N/A       58%         3

Your spell library contained the following spells:

 Spells                   Type           Power      Damage    Failure   Level
 Kiss of Death            Conj/Necr      0%         2d5       26%         1
 Summon Small Mammal      Summ           0%         N/A       26%         1
 Poisonous Vapours        Pois/Air       0%         N/A       36%         2
 Sublimation of Blood     Necr           0%         N/A       36%         2
 Call Canine Familiar     Summ           0%         N/A       58%         3
 Confusing Touch          Hex            0%         N/A       58%         3
 Summon Guardian Golem    Hex/Summ       0%         N/A       58%         3
 Dispel Undead            Necr           0%         3d6       94%         4
 Petrify                  Tmut/Erth      0%         N/A       94%         4
 Freezing Cloud           Conj/Ice/Air   0%         6-21      100%        5
 Irradiate                Conj/Tmut      0%         3d11      100%        5


Dungeon Overview and Level Annotations

Branches:
Dungeon (5/15)             Temple (0/1) D:5

Shops:
D:1 ?   D:5 (

Annotations:
D:5 Menkaure


Innate Abilities, Weirdness & Mutations

You are a hulking beast.
Your limbs bulge with bestial killing power. (Slay +3)
You have an increased reservoir of magic. (+10% MP)
You shall have no god before yourself.
Your divine heritage dramatically boosts your attributes as you level up.


Message History

You are too injured to fight recklessly!
You are too injured to fight recklessly!
You slash the black bear!
You kill the black bear!
Your Dodging skill increases to level 4!
You see here a +2 whip of flaming.
You open the door.
Found a staircase to the Ecumenical Temple.
There is an open door here.
There is an open door here.
You see here a +2 whip of flaming.
Found a stone staircase leading up.
Found a stone staircase leading down.
A hound comes into view.
Menkaure, Prince of Dust comes into view.
Menkaure shouts!
The hound barks!
The hound bites you.
You slash the hound!
The hound is heavily wounded.
The hound bites you. The hound barely misses you.
Menkaure casts a spell.
Menkaure seems to speed up.
You closely miss the hound.
The hound is heavily wounded.
The hound bites you. The hound misses you.
Menkaure calls on the powers of darkness!
The hound convulses!
Your body is wracked with pain!
The hound barely misses you.
Unknown command.
You hit the hound.
You kill the hound!
Menkaure hits you!
* * * LOW HITPOINT WARNING * * *
You slash Menkaure!
Menkaure is heavily damaged.
Menkaure hits you!
* * * LOW HITPOINT WARNING * * *
Menkaure misses you.
You feel better. Menkaure hits you!!
You die...

.###...#......... ..
#..###.....##.. #.#
##........###...
..##.....>....###.#. ###
#....#........#.....
....#...##........#.##.#
......#..............#
#..M.........##.####
#h##.......##.#
#.##.......#..#
#.#...##.#...##
#...####.##### #####
##.# #..# ####


You could see Menkaure (fast).

Vanquished Creatures
  A black bear (D:5)
  3 ogres (D:5)
  A kobold brigand (D:4)
  A scorpion (D:5)
  2 hounds (D:5)
  A jelly (D:5)
  5 iguanas
  2 orc priests (D:5)
  A gnoll bouda (D:5)
  2 sleepcaps (D:5)
  3 gnolls (D:5)
  2 adders (D:4)
  3 worms
  A dart slug (D:4)
  8 orcs
  5 bats
  7 endoplasms
  3 giant cockroaches
  4 goblins
  5 hobgoblins
  9 kobolds
  A quokka (D:2)
  3 ball pythons
  3 frilled lizards (D:2)
  3 rats
79 creatures vanquished.

Notes
Turn   | Place    | Note
-------+----------+-------------------------------------------
     0 | D:1      | Turgor the Demigod Shapeshifter began the quest for the
                  | Orb.
     0 | D:1      | Reached XP level 1. HP: 15/15 MP: 3/3
   146 | D:1      | Reached skill level 1 in Fighting
   919 | D:1      | Found Nousil's Magic Scroll Shop.
   925 | D:1      | Bought a scroll of identify for 22 gold pieces
  1207 | D:2      | Reached XP level 2. HP: 19/23 MP: 4/4
  1321 | D:2      | Reached skill level 3 in Shapeshifting
  1899 | D:3      | Reached XP level 3. HP: 28/28 MP: 5/5
  2047 | D:3      | You fall into a shaft and drop 1 floor!
  2054 | D:4      | Found the +7 Throatcutter {drain, coup de grace}
  2054 | D:4      | Noticed a kobold brigand
  2067 | D:4      | Killed a kobold brigand
  2068 | D:4      | Reached XP level 4. HP: 36/36 MP: 6/6
  2595 | D:4      | Reached XP level 5. HP: 41/41 MP: 7/7
  2908 | D:5      | Entered Level 5 of the Dungeon
  2908 | D:5      | Noticed an ogre
  2911 | D:5      | Reached skill level 4 in Shapeshifting
  2912 | D:5      | Killed an ogre
  2927 | D:5      | Noticed an ogre
  2931 | D:5      | Killed an ogre
  2932 | D:5      | Reached XP level 6. HP: 50/50 MP: 8/8
  3128 | D:5      | Learned a level 3 spell: Mephitic Cloud
  3180 | D:5      | Reached XP level 7. HP: 57/57 MP: 9/9
  3252 | D:5      | Reached skill level 5 in Shapeshifting
  3299 | D:5      | Found Fufopn Caomm's Weapon Boutique.
  3641 | D:5      | Found a staircase to the Ecumenical Temple.
  3722 | D:5      | Noticed Menkaure
  3729 | D:5      | Mangled by Menkaure

Illustrated notes

Levels and vault maps discovered:
D:1:      nagdon_arrival_zigzag_paths, layout_basic, serial_shops, shop
D:2:      layout_rooms
D:3:      layout_rooms, nrook_campfire, hangedman_decor_points, uniq_grinder
D:4:      layout_cave_pods, dilly_guarded_unrand_throatcut
D:5:      layout_rooms, lemuel_coloured_pillars_altar, zin_academy,
          minmay_temple_entry_fiery, serial_shops, nicolae_shop_tiny_waterfront,
          minmay_holes, uniq_menkaure

Skill      XL: |  1  2  3  4  5  6  7 |
---------------+----------------------+-----
Fighting       | 1 2 3 |  3.6
Dodging        | 2 3 4 |  4.0
Shapeshifting  | 3 4 5 |  5.5
Unarmed Combat | 3 4 |  4.5

Action                     |  1- 3 |  4- 6 |  7- 9 || total
---------------------------+-------+-------+-------++-------
  Melee: Unarmed           |   122 |     7 |       ||   129
         Long sword        |       |    59 |    33 ||    92
         Punch             |       |       |     1 ||     1
  Evoke: Wand              |     1 |     2 |       ||     3
    Use: Scroll            |     3 |     3 |       ||     6
         Potion            |     2 |       |     1 ||     3
   Stab: Sleeping          |     1 |     1 |     1 ||     3
 Armour: Animal skin       |    44 |    24 |    25 ||    93
         Skin              |     8 |     2 |       ||    10
  Dodge: Dodged            |    51 |    41 |    38 ||   130

Table legend: (Time is in decaauts)
 A = Elapsed time spent in this place.
 B = Non-inter-level travel time spent in this place.
 C = Inter-level travel time spent in this place.
 D = Time resting spent in this place.
 E = Time spent auto-exploring this place.
 F = Levels seen in this place.
 G = Mean time per level.
                   A        B        C        D        E       F      G
               +--------+--------+--------+--------+--------+-----+--------+
         Total |   3757 |   3581 |    176 |    147 |   2795 |   5 |  751.4 |
       Dungeon |   3757 |   3581 |    176 |    147 |   2795 |   5 |  751.4 |
               +--------+--------+--------+--------+--------+-----+--------+

Top non-repeatable levels by time:
     D:1: 1163 daAuts
     D:4: 873 daAuts
     D:5: 843 daAuts
     D:2: 651 daAuts
     D:3: 225 daAuts
